 Dungeon Crawl Stone Soup version 0.27-a0-1065-ge809cff456 (webtiles) character file.

Game seed: 10425863424870639650

212 strifetoe the Slasher (level 5, -1/34 HPs)
             Began as a Djinni Gladiator on Apr 24, 2021.
             Was an Initiate of Hepliaklqana.
             Slain by an iron imp (2 damage)
             ... summoned by Eustachio
             ... on level 4 of the Dungeon.
             The game lasted 00:03:44 (3214 turns).

strifetoe the Slasher (Djinni Gladiator)            Turns: 3214, Time: 00:03:44

Health: -1/34      AC:  7    Str: 13    XL:     5   Next: 90%
Gold:   155        EV: 12    Int: 10    God:    Hepliaklqana [......] SH:  0 Dex: 15

rFire    + + .     SeeInvis .   a - +0 long sword
rCold    x . .     Faith    .   (no shield)
rNeg     . . .     Spirit   .   b - +0 leather armour
rPois    ∞         Reflect  .   c - +1 helmet
rElec    .         Harm     .   h - +0 cloak
rCorr    .         Rampage  .   i - +0 pair of gloves
Will     .....                  (boots unavailable)
Stlth    +.........             (no amulet)
HPRegen  0.11/turn              (no ring)
MPRegen  0.00/turn              (no ring)

@: flying, very slightly contaminated
A: reduced essence, fire resistance 2, cold vulnerability 1, float, innate
caster, hp casting, extra vitality 1
a: Renounce Religion, Recall Ancestor, Ancestor Identity


You were on level 4 of the Dungeon.
You worshipped Hepliaklqana.
Hepliaklqana was noncommittal.
You visited 1 branch of the dungeon, and saw 4 of its levels.

You collected 155 gold pieces.

Inventory:

Hand Weapons
 a - a +0 long sword (weapon)
Missiles
 d - 3 throwing nets (quivered)
Armour
 b - a +0 leather armour (worn)
 c - a +1 helmet (worn)
 h - a +0 cloak (worn)
 i - a +0 pair of gloves (worn)
Jewellery
 j - a ring of resist corrosion
Potions
 f - a potion of cancellation


   Skills:
 - Level 2.0 Fighting
 + Level 5.4 Long Blades
 - Level 1.5 Throwing
 - Level 3.2 Dodging
 + Level 1.4 Spellcasting


You had 3 spell levels left.
You knew the following spells:

 Your Spells              Type           Power      Damage    Failure   Level
a - Magic Dart            Conj           12%        1d3       24%         1
b - Call Imp              Summ           3%         N/A       34%         2
Your spell library was empty.

Dungeon Overview and Level Annotations

Branches:
Dungeon (3/15)

Altars:
Dithmenos
Hepliaklqana

Annotations:
D:4 Eustachio


Innate Abilities, Weirdness & Mutations

Your life essence is reduced to manifest your ancestor. (-10% HP)
You are immune to poison.
Your flesh is very heat resistant. (rF++)
You are vulnerable to cold. (rC-)
You float through the air rather than walking.
You learn spells naturally, not from books.
Your magical power is your life essence.
You have superior vitality. (+4 HP)


Message History

The river rat bites you but does no damage.
Unknown command.
You slash Eustachio!
Eustachio is heavily wounded.
The ball python bites your iron imp.
Your iron imp dies!
The iron imp barely misses you.
Eustachio casts a spell.
The river rat twitches its whiskers.
The river rat closely misses you.
You slash Eustachio!
Eustachio is severely wounded.
The iron imp closely misses you.
You riposte.
You hit the iron imp.
The iron imp is heavily wounded.
Eustachio drinks a potion.
Eustachio is healed!
The river rat bites you but does no damage.
Unknown command.
Unknown command.
You miss Eustachio.
Eustachio is heavily wounded.
Eustachio screams, "Hey, you killed my favourite bat!"
Eustachio closely misses you. The iron imp closely misses you.
You riposte.
You slash the iron imp!
The iron imp is almost dead.
The river rat bites you but does no damage.
The rat barely misses you.
You hit Eustachio.
Eustachio is severely wounded.
Eustachio calls on the powers of shadow!
Eustachio barely misses you.
You riposte.
You hit Eustachio.
Eustachio is severely wounded.
The river rat closely misses you. The iron imp hits you.
* * * LOW HITPOINT WARNING * * *
The rat misses you. The shadow imp closely misses you.
Eustachio barely misses you.
You hit Eustachio.
Eustachio is almost dead.
The river rat closely misses you. The rat closely misses you.
The iron imp hits you.
You die...

#####
###...###
##§#....###
#§§#....#.##
#§§#_.5_#§§#
##R#.@rS#W§#
###r5@.#§##
##5r####
#..# #.##
##.#
#..#####..
#.........
#.........


You could see an ancestor, Eustachio, a shadow, an iron imp (summoned), a
crimson imp (summoned), a river rat (summoned), a shadow imp (summoned), a ball
python and 2 rats.

Vanquished Creatures
  A phantom (D:4)
  An iguana (D:2)
  3 gnolls (D:2)
  2 adders (D:3)
  4 dart slugs
  3 bats
  7 endoplasms
  2 giant cockroaches
  4 goblins
  5 hobgoblins (D:1)
  6 jackals
  4 quokkas
  5 ball pythons (D:1)
  3 frilled lizards
  2 kobolds
  4 rats
56 creatures vanquished.

Vanquished Creatures (others)
  An ancestor (D:4)
1 creature vanquished.

Grand Total: 57 creatures vanquished

Notes
Turn   | Place    | Note
-------+----------+-------------------------------------------
     0 | D:1      | strifetoe the Djinni Gladiator began the quest for the Orb.
     0 | D:1      | Reached XP level 1. HP: 18/18 MP: 0/0
    96 | D:1      | Reached skill level 3 in Long Blades
   160 | D:1      | Reached XP level 2. HP: 21/23 MP: 0/0
   484 | D:1      | Reached XP level 3. HP: 20/28 MP: 0/0
   484 | D:1      | Learned a level 1 spell: Magic Dart
  1353 | D:1      | Reached skill level 4 in Long Blades
  1381 | D:1      | Found a faded altar of an unknown god.
  1939 | D:2      | Reached XP level 4. HP: 33/33 MP: 0/0
  2346 | D:2      | Reached skill level 5 in Long Blades
  2635 | D:3      | Reached XP level 5. HP: 38/38 MP: 0/0
  2635 | D:3      | Learned a level 2 spell: Call Imp
  2760 | D:3      | You are sucked into a shaft and drop 1 floor!
  2760 | D:4      | Found a shadowy altar of Dithmenos.
  2760 | D:4      | Found a hazy altar of Hepliaklqana.
  2761 | D:4      | Noticed a shadow
  2761 | D:4      | Noticed a phantom
  2785 | D:4      | Killed a phantom
  2786 | D:4      | Reached skill level 1 in Spellcasting
  3179 | D:4      | Became a worshipper of Hepliaklqana the Forgotten
  3187 | D:4      | Noticed Eustachio
  3213 | D:4      | HP: 1/34 [iron imp[Eustachio] (3)]
  3214 | D:4      | Slain by an iron imp

Illustrated notes

Levels and vault maps discovered:
D:1:      elethiomel_arrival_maze, layout_rooms, ebering_ecumenical_altar_webs
D:2:      minmay_alternating_diamond, layout_basic
D:3:      layout_basic, overflow_temple_1_default,
          ashenzari_conservatory_becter, minivault_4, uniq_robin
D:4:      layout_basic, riverfiend_overflow_shadow_ancestor, marbit_many_paths,
          kennysheep_mini, lemuel_crystal_altar, nrook_loot_triangle,
          uniq_eustachio

Skill      XL: |  1  2  3  4  5 |
---------------+----------------+-----
Long Blades    | 3 4 5 |  5.4
Spellcasting   | 1 |  1.4
Fighting       | |  2.0
Throwing       | |  1.5
Dodging        | |  3.2

Action                   |  1- 3 |  4- 6 || total
-------------------------+-------+-------++-------
Melee: Long sword        |   116 |    64 ||   180
 Cast: Call Imp          |       |     2 ||     2
  Use: Scroll            |       |     3 ||     3
       Potion            |       |     1 ||     1
Armor: Leather armour    |    43 |    25 ||    68
Dodge: Dodged            |    86 |    56 ||   142
       Rpst.: Long sword |    22 |    24 ||    46

Table legend: (Time is in decaauts)
 A = Elapsed time spent in this place.
 B = Non-inter-level travel time spent in this place.
 C = Inter-level travel time spent in this place.
 D = Time resting spent in this place.
 E = Time spent auto-exploring this place.
 F = Levels seen in this place.
 G = Mean time per level.
                   A        B        C        D        E       F      G
               +--------+--------+--------+--------+--------+-----+--------+
         Total |   3247 |   3194 |     53 |   1614 |   1142 |   4 |  811.8 |
       Dungeon |   3247 |   3194 |     53 |   1614 |   1142 |   4 |  811.8 |
               +--------+--------+--------+--------+--------+-----+--------+

Top non-repeatable levels by time:
     D:1: 1747 daAuts
     D:2: 874 daAuts
     D:4: 456 daAuts
     D:3: 168 daAuts
